[Event "Early-Titled-Tuesday-Blitz-September-05-2023"]
[Site "Chess.com"]
[Date "2023.09.05"]
[Round "3"]
[White "Zurability"]
[Black "Fandorine"]
[Result "0-1"]
[WhiteElo "2727"]
[BlackElo "2938"]
[TimeControl "180+1"]
[EndTime "8:26:54 PDT"]
[Termination "Fandorine won on time"]

1. Nf3 Nf6 2. g3 d5 3. d4 g6 4. Bg2 Bg7 5. O-O O-O 6. c4 c5 7.
cxd5 cxd4 8. Nxd4 Nxd5 9. Nb5 a6 10. Bxd5 axb5 11. Qb3 Nc6 12. Be3 b4 13. Rd1 Qa5 14. Nd2 Bh3 15. Nc4 Qa4 16. Nb6 Qxb3 17. Bxb3 Rad8 18.
f3 h5 19. Nd5 Bxb2 20. Rab1 Bg7 21. Bb6 Rd7 22. g4 hxg4 23. Nf6+ Bxf6 24. Rxd7 gxf3 25. Rxb7 fxe2 26. Bc4 Bg4 27. h3 Bh5 28. Bf2 Nd4 29.
Kg2 Bf3+ 0-1

[Event "Early-Titled-Tuesday-Blitz-September-05-2023"]
[Site "Chess.com"]
[Date "2023.09.05"]
[Round "3"]
[White "Rurep26"]
[Black "onnoelgersma"]
[Result "1-0"]
[WhiteElo "2814"]
[BlackElo "2590"]
[TimeControl "180+1"]
[EndTime "8:26:55 PDT"]
[Termination "Rurep26 won by resignation"]

1. d4 d6 2. e4 Nf6 3. Nc3 Nc6 4. Nge2 g6 5. f3 a6 6. Be3 b5 7. Qd2 Bb7 8. O-O-O Qd7 9. g4 O-O-O 10. Ng3 Kb8 11.
h4 e5 12. d5 Nd4 13. Bxd4 exd4 14. Qxd4 Bg7 15. Qf2 c6 16. h5 h6 17. Kb1 Qc7 18. dxc6 Bxc6 19. Bd3 Nd7 20. Nce2 Ne5 21. Nd4 Bd7 22.
c3 Qb6 23. Nge2 Ka8 24. Nf4 Rb8 25. Nd5 Qc5 26. b4 Nxd3 27. Rxd3 Qc4 28. Rhd1 Rhc8 29.
Nb3 Re8 30. Nb6+ Rxb6 31. Qxb6 Qc6 32. Qxc6+ Bxc6 33. Rxd6 1-0

[Event "Early-Titled-Tuesday-Blitz-September-05-2023"]
[Site "Chess.com"]
[Date "2023.09.05"]
[Round "3"]
[White "amylazy"]
[Black "Mikedannnn"]
[Result "0-1"]
[WhiteElo "2441"]
[BlackElo "2619"]
[TimeControl "180+1"]
[EndTime "8:26:55 PDT"]
[Termination "Mikedannnn won on time"]

1. d4 c5 2. d5 g6 3. Nc3 Bg7 4. e4 d6 5. Nf3 Nf6 6. Bb5+ Bd7 7. a4 O-O 8. O-O Bxb5 9. axb5 Nbd7 10. Qe2 Nb6 11. h3 Ne8 12. Bf4 Nc7 13. Rfd1 Qd7 14. e5 c4 15. Qd2 Nxb5 16. Nxb5 Qxb5 17. exd6 exd6 18. Bxd6 Rfd8 19. Ra5 Qxb2 20. Ba3 Qc3 21. Bb4 Qxd2 22. Rxd2 Rd7 23. d6 a6 24. c3 Re8 25.
Rc5 Bf8 26. Rc7 Rxc7 27. dxc7 Bxb4 28. Rd8 Kf8 29. cxb4 Ke7 30. Rd4 c3 31. Rd3 Na4 32.
Re3+ Kd7 33. Rxe8 Kxc7 34. Re2 Kc6 35. Ne1 Kb5 36. Re4 Nb2 37. Nc2 b6 0-1

[Event "Early-Titled-Tuesday-Blitz-September-05-2023"]
[Site "Chess.com"]
[Date "2023.09.05"]
[Round "3"]
[White "Yerlan-Ra"]
[Black "marcodobrikov"]
[Result "1-0"]
[WhiteElo "2417"]
[BlackElo "2572"]
[TimeControl "180+1"]
[EndTime "8:26:56 PDT"]
[Termination "Yerlan-Ra won by checkmate"]

1. e4 c5 2. Nc3 d6 3. Bb5+ Bd7 4. Bxd7+ Nxd7 5. f4 e6 6. Nf3 Ne7 7. O-O Nc6 8. d3 Be7 9. Kh1 O-O 10. f5 exf5 11.
Bf4 fxe4 12. dxe4 Nde5 13. Nd5 f6 14. c3 Nxf3 15. Qxf3 Ne5 16. Qg3 Rc8 17. Rad1 Rf7 18. Ne3 Bf8 19. Nf5 Qc7 20. Nh6+ Kh8 21. Nxf7+ Nxf7 22. h4 Re8 23. Rfe1 Qc6 24. Qf3 Qa4 25. a3 Qb3 26. Rd2 b5 27. h5 a5 28. h6 g6 29. Red1 Re6 30. Qh3 Qc4 31. Rd3 Kg8 32. Bc1 Qxe4 33. Re3 Qc2 34. Rde1 Rxe3 35. Qxe3 Bxh6 36.
Qe8+ Bf8 37. Rf1 Qd3 38. Rxf6 Qd1+ 39. Kh2 Qh5+ 40. Kg1 Qd1+ 41. Rf1 Qd5 42. Bh6 Nxh6 43. Qxf8# 1-0

[Event "Early-Titled-Tuesday-Blitz-September-05-2023"]
[Site "Chess.com"]
[Date "2023.09.05"]
[Round "3"]
[White "Gyulamiryan-koryun"]
[Black "sebastianmarinp"]
[Result "0-1"]
[WhiteElo "2064"]
[BlackElo "2404"]
[TimeControl "180+1"]
[EndTime "8:26:57 PDT"]
[Termination "sebastianmarinp won on time"]

1. e4 e6 2. d4 d5 3. e5 c5 4. c3 Qb6 5. Nf3 Nc6 6. Bd3 cxd4 7. cxd4 Bd7 8. Bc2 Nb4 9. Nc3 Ne7 10. a3 Nxc2+ 11. Qxc2 Nf5 12. Qd3 a6 13. O-O Bb5 14. Nxb5 Qxb5 15. Qxb5+ axb5 16. Bd2 Be7 17. g4 Nh4 18.
Ne1 h5 19. g5 Kd7 20. f4 Rhc8 21. Bc3 b4 22. Bd2 bxa3 23. bxa3 Rxa3 24. Rxa3 Bxa3 25. Nf3 Nxf3+ 26. Rxf3 Bb2 27. Rd3 Rc4 28. Be3 Rc3 29.
Rxc3 Bxc3 30. Kf2 Kc6 31. Ke2 Kb5 32. Kd3 Kb4 33. Bc1 g6 34. Be3 Kb3 35. Bf2 Bb2 36. Be1 Bc1 0-1

[Event "Early-Titled-Tuesday-Blitz-September-05-2023"]
[Site "Chess.com"]
[Date "2023.09.05"]
[Round "3"]
[White "Durarbayli"]
[Black "MFatigue"]
[Result "1-0"]
[WhiteElo "2887"]
[BlackElo "2505"]
[TimeControl "180+1"]
[EndTime "8:26:58 PDT"]
[Termination "Durarbayli won on time"]

1. e4 e6 2. d4 d5 3. e5 c5 4. c3 Nc6 5. Nf3 Bd7 6. Be2 Nge7 7. Na3 Nf5 8. Nc2 cxd4 9. cxd4 Qb6 10. O-O Na5 11. g4 Ne7 12. b3 Bb5 13. Ba3 Ng6 14.
Bc5 Bxe2 15. Qxe2 Qa6 16. Qxa6 bxa6 17. Nb4 Bxc5 18. dxc5 Rc8 19. Rac1 Nc6 20. Nxc6 Rxc6 21. Nd4 Rc7 22. f4 h5 23. f5 Nxe5 24. fxe6 f6 25.
g5 Ke7 26. Rce1 Rxc5 27. Nf5+ Kxe6 28. Nxg7+ Kf7 29. gxf6 Ng6 30. Ne6 Rc2 31. Ng5+ Kf8 32.
f7 Nh4 33. Re8+ Kg7 34. Ne6+ 1-0

[Event "Early-Titled-Tuesday-Blitz-September-05-2023"]
[Site "Chess.com"]
[Date "2023.09.05"]
[Round "3"]
[White "Pingah9"]
[Black "IngOscarArdila"]
[Result "0-1"]
[WhiteElo "2571"]
[BlackElo "2397"]
[TimeControl "180+1"]
[EndTime "8:27:01 PDT"]
[Termination "IngOscarArdila won by resignation"]

1. e4 e5 2. Nf3 Nf6 3. d4 Nxe4 4. Nxe5 d6 5. Nf3 Be7 6. Bd3 d5 7. Nbd2 Nxd2 8. Bxd2 O-O 9. Bf4 Nd7 10. Qd2 Nf6 11.
O-O-O Bg4 12. Rde1 Re8 13. Ne5 Bh5 14. f3 c6 15. g4 Bg6 16. h4 Bxd3 17. Qxd3 Qa5 18. Kb1 Rad8 19. h5 Nd7 20. Nxf7 Kxf7 21. Qxh7 Nf8 22. Qf5+ Bf6 23. c3 Rxe1+ 24. Rxe1 Re8 25. Rxe8 Kxe8 26. g5 Be7 27. Qc8+ Qd8 28. Qxb7 Qd7 29. Qb8+ Kf7 30. Qe5 Qh3 31. g6+ Ke8 32. Qb8+ Bd8 33. Qe5+ Ne6 34. a3 Bf6 35. Qxd5 Qf1+ 36. Bc1 Qd3+ 37.
Ka1 cxd5 0-1

[Event "Early-Titled-Tuesday-Blitz-September-05-2023"]
[Site "Chess.com"]
[Date "2023.09.05"]
[Round "3"]
[White "Ural_bogatyr"]
[Black "DKmirl"]
[Result "1-0"]
[WhiteElo "2551"]
[BlackElo "2263"]
[TimeControl "180+1"]
[EndTime "8:27:01 PDT"]
[Termination "Ural_bogatyr won on time"]

1. d4 Nf6 2. Nc3 e6 3. e4 d6 4. Nf3 Nbd7 5. a4 Be7 6. Be2 O-O 7. O-O e5 8. h3 b6 9. Re1 Bb7 10. Bf1 Re8 11. a5 a6 12. axb6 cxb6 13. Bc4 b5 14.
Bb3 b4 15. Nd5 Nxd5 16. exd5 Bf6 17. dxe5 Nxe5 18. Nxe5 Bxe5 19. Bd2 Bxb2 20. Ra2 Bc3 21. Bxc3 bxc3 22. Rxe8+ Qxe8 23. Ra1 a5 24. Qd4 Qc8 25.
Qb6 Ra6 26. Qb5 g6 27. Rxa5 Rxa5 28. Qxa5 Kg7 29. Qb4 Qc5 30. Qxb7 Qd4 31. Qa6 Qd1+ 32. Qf1 Qd4 33. Qe2 h6 34. g3 h5 35. Qd3 Qe5 36.
Kg2 1-0

[Event "Early-Titled-Tuesday-Blitz-September-05-2023"]
[Site "Chess.com"]
[Date "2023.09.05"]
[Round "3"]
[White "Arifarsky"]
[Black "MatthewG-p4p"]
[Result "0-1"]
[WhiteElo "2694"]
[BlackElo "2877"]
[TimeControl "180+1"]
[EndTime "8:27:02 PDT"]
[Termination "MatthewG-p4p won by resignation"]

1. Nf3 c5 2. e4 g6 3. Nc3 Bg7 4. Bc4 Nc6 5. a3 e6 6. Ba2 Nge7 7. O-O O-O 8. d3 h6 9. Be3 Nd4 10. Bxd4 cxd4 11. Ne2 e5 12. c3 dxc3 13. Nxc3 d6 14. Rc1 Be6 15. Bxe6 fxe6 16. Qb3 Qd7 17. Rfd1 Nc6 18.
Ne2 Kh7 19. Ne1 Rf7 20. f3 h5 21. Rc2 Bh6 22. d4 Raf8 23. d5 exd5 24. Qxd5 Rf6 25. Rc3 g5 26. Ng3 g4 27. Nf5 Rg6 28. Kh1 Nd4 29.
Nxd4 exd4 30. Rc2 Be3 31. Qxh5+ Rh6 32. Qd5 Qe7 33. Nd3 Rxh2+ 0-1

[Event "Early-Titled-Tuesday-Blitz-September-05-2023"]
[Site "Chess.com"]
[Date "2023.09.05"]
[Round "3"]
[White "NovoselovRoman"]
[Black "Nick12772"]
[Result "1-0"]
[WhiteElo "2577"]
[BlackElo "2332"]
[TimeControl "180+1"]
[EndTime "8:27:03 PDT"]
[Termination "NovoselovRoman won on time"]

1. e4 e6 2. Nc3 d5 3. d4 Bb4 4.
exd5 exd5 5. Bd3 Nf6 6. Ne2 O-O 7. Bg5 c6 8. Qd2 a5 9. a3 Be7 10. O-O Re8 11. Ng3 Be6 12. Rae1 Nbd7 13. f4 Nf8 14.
Nf5 Bxf5 15. Bxf5 Ng6 16. Re2 h6 17. Bxg6 fxg6 18. Bh4 Nh5 19. Bxe7 Rxe7 20. Rfe1 Rxe2 21. Rxe2 Qd6 22. Re5 Rf8 23. g3 Nf6 24. Qe2 Rf7 25. Qd3 Kh7 26. h3 Re7 27. Kg2 Nd7 28. Ne2 Nxe5 29. fxe5 Qe6 30. g4 Rf7 31. Kg3 Qe7 32. h4 Qf8 33. h5 Rf1 34. hxg6+ Kh8 35. Qe3 Rb1 36. Nf4 Rxb2 37. e6 Qe7 38. Qe5 Qe8 39.
Nh5 Qxg6 40. e7 1-0

[Event "Early-Titled-Tuesday-Blitz-September-05-2023"]
[Site "Chess.com"]
[Date "2023.09.05"]
[Round "3"]
[White "brm72"]
[Black "ElenaPershina"]
[Result "1-0"]
[WhiteElo "2549"]
[BlackElo "2330"]
[TimeControl "180+1"]
[EndTime "8:27:04 PDT"]
[Termination "brm72 won on time"]

1. d4 d5 2. c4 c6 3. Nf3 Nf6 4. e3 Bf5 5. Nc3 e6 6. Nh4 Be4 7. Qb3 Qc7 8. Bd2 a5 9. Nxe4 Nxe4 10. Bd3 Nxd2 11. Kxd2 a4 12. Qc2 a3 13. b3 Bb4+ 14.
Ke2 Nd7 15. Rhd1 Qxh2 16. Nf3 Qc7 17. Rh1 h6 18. Rh5 Rc8 19. Rah1 Nf6 20. R5h4 c5 21. cxd5 Nxd5 22. Bb5+ Ke7 23. Bc4 Nc3+ 24. Kf1 b5 25. Bd3 c4 26. bxc4 bxc4 27. Bg6 fxg6 28. Qxg6 Nd5 29. Ne5 c3 30. g3 c2 31. Kg2 Rhf8 32.
Rxh6 gxh6 33. Rxh6 c1=Q 34. Qxe6+ Kd8 35. Qxd5+ 1-0

[Event "Early-Titled-Tuesday-Blitz-September-05-2023"]
[Site "Chess.com"]
[Date "2023.09.05"]
[Round "3"]
[White "knightinshiningarmour16"]
[Black "MasterKroket"]
[Result "0-1"]
[WhiteElo "2111"]
[BlackElo "2411"]
[TimeControl "180+1"]
[EndTime "8:27:04 PDT"]
[Termination "MasterKroket won by checkmate"]

1. d4 Nf6 2. Nf3 g6 3. Bf4 Bg7 4. e3 c5 5. c3 cxd4 6. exd4 d6 7.
h3 Nc6 8. Nbd2 O-O 9. Be2 Re8 10. O-O e5 11. dxe5 dxe5 12. Bg3 e4 13. Nh2 e3 14.
fxe3 Rxe3 15. Bf2 Re8 16. Nhf3 Bf5 17. Qb3 Rxe2 18. Qxb7 Qc8 19. Qb5 Re8 20. g4 Bd7 21.
Qd3 Be6 22. Nd4 Nxd4 23. Bxd4 Nd5 24. Bxg7 Kxg7 25. Qd4+ Kg8 26. Ne4 Qc7 27. c4 Qb6 28. Qxb6 Nxb6 29. Nf6+ Kg7 30. Nxe8+ Rxe8 31. b3 h5 32.
gxh5 g5 33. Kg2 f5 34. Rfe1 Kf6 35. Rad1 Nc8 36. Kh2 f4 37. Re2 Rh8 38. Rde1 Bf5 39. Re8 Rxh5 40. Rf8+ Kg6 41. Ree8 Rxh3+ 42. Kg1 Rg3+ 43.
Kf2 Nd6 44. Rg8+ Kh5 45. Rh8+ Kg4 46. Re5 Ne4+ 47. Kf1 Nd2+ 48. Ke2 Rg2+ 49. Kd1 Nf1 50. Rf8 Ne3+ 51. Ke1 Kf3 52. Rfxf5 Re2# 0-1

[Event "Early-Titled-Tuesday-Blitz-September-05-2023"]
[Site "Chess.com"]
[Date "2023.09.05"]
[Round "3"]
[White "Abund"]
[Black "BilodeauA"]
[Result "1-0"]
[WhiteElo "2725"]
[BlackElo "2904"]
[TimeControl "180+1"]
[EndTime "8:27:05 PDT"]
[Termination "Abund won on time"]

1. e4 Nc6 2. Nf3 d6 3. d4 Nf6 4. Nc3 Bg4 5. Bb5 a6 6. Bxc6+ bxc6 7. h3 Bh5 8. Bg5 e6 9. Qd3 h6 10. Bh4 g5 11. Bg3 Bg7 12. Nd2 Nd7 13. Nb3 a5 14.
Qc4 O-O 15. Qxc6 f5 16. exf5 exf5 17. O-O f4 18. Bh2 Nb6 19. a4 Qd7 20. Qxd7 Nxd7 21.
Nd5 Ra7 22. Ne7+ Kh7 23. Nc6 Rb7 24. Ncxa5 Rb4 25. Rfe1 Bf6 26. Ra3 Ra8 27. c3 Rb6 28. Nc4 Rbb8 29. a5 Bf7 30. Nbd2 d5 31. Ne5 Be8 32. b4 Nxe5 33. dxe5 Be7 34. Nb3 c5 35. Nxc5 Bxc5 36. bxc5 Kg6 37. g3 1-0

[Event "Early-Titled-Tuesday-Blitz-September-05-2023"]
[Site "Chess.com"]
[Date "2023.09.05"]
[Round "3"]
[White "SAInt_666"]
[Black "LileKoridze"]
[Result "1-0"]
[WhiteElo "2701"]
[BlackElo "2358"]
[TimeControl "180+1"]
[EndTime "8:27:06 PDT"]
[Termination "SAInt_666 won by resignation"]

1. e4 c5 2. Nf3 d6 3. Bb5+ Nd7 4. O-O a6 5. Bxd7+ Bxd7 6. c3 e5 7. d4 Qc7 8. h3 Nf6 9. Nbd2 b5 10. Re1 Be7 11. Nf1 O-O 12. Ng3 Rfd8 13. Be3 b4 14.
Qd2 Rab8 15. dxe5 dxe5 16. cxb4 cxb4 17. Rac1 Qa5 18. b3 Be6 19. Qb2 Bc5 20. Qxe5 Bb6 21. Qxa5 Bxa5 22. Nd4 Bd7 23. Nc6 Bxc6 24. Rxc6 Ra8 25.
f3 Re8 26. Kf2 Nd7 27. Bd4 Nf8 28. Nf5 Ne6 29. Bb2 Nf4 30. Rd1 f6 31. Rd7 Ne6 32. Ne7+ Kf7 33. Nd5+ Kg8 34. Bxf6 gxf6 35. Nxf6+ Kf8 36.
Nxh7+ Kg8 37. Nf6+ Kf8 38. Nxe8 Rxe8 39. Rxa6 Bd8 40.
Rxe6 1-0

[Event "Early-Titled-Tuesday-Blitz-September-05-2023"]
[Site "Chess.com"]
[Date "2023.09.05"]
[Round "3"]
[White "SHIVACalypso"]
[Black "korbul"]
[Result "1-0"]
[WhiteElo "2479"]
[BlackElo "2629"]
[TimeControl "180+1"]
[EndTime "8:27:07 PDT"]
[Termination "SHIVACalypso won by checkmate"]

1. d4 Nf6 2. Nf3 e6 3. g3 d5 4. Bg2 Na6 5. O-O c5 6. c4 Be7 7. cxd5 exd5 8. a3 c4 9. Ne5 Nc7 10. Nc3 O-O 11. e4 b5 12. Nc6 Qe8 13. Nxe7+ Qxe7 14. Bg5 dxe4 15. Nxe4 Rb8 16. Re1 Qd8 17. Nxf6+ gxf6 18. Bh4 Re8 19. Qh5 Rxe1+ 20. Rxe1 Kg7 21. Be4 h6 22. g4 Rb6 23. Bg3 Ne6 24. h4 Qxd4 25. Bb1 Qxb2 26. Qf5 Bb7 27. Qh7+ Kf8 28. Qh8+ Ke7 29.
Qb8 Qxa3 30. Bc7 Qc5 31. Qd8# 1-0

[Event "Early-Titled-Tuesday-Blitz-September-05-2023"]
[Site "Chess.com"]
[Date "2023.09.05"]
[Round "3"]
[White "Boundless_Strike"]
[Black "KNVB"]
[Result "1-0"]
[WhiteElo "2523"]
[BlackElo "2781"]
[TimeControl "180+1"]
[EndTime "8:27:09 PDT"]
[Termination "Boundless_Strike won by checkmate"]

1. d3 d5 2. e4 e5 3. Nd2 Nf6 4. Ngf3 Bd6 5. c3 c6 6. h3 O-O 7. Be2 Re8 8. Qc2 a5 9. Nf1 a4 10. g4 dxe4 11. dxe4 Nbd7 12. Ng3 Nc5 13. g5 Nfd7 14.
Nf5 Bf8 15. Be3 Ne6 16. O-O-O Qa5 17. h4 Nf4 18. Bf1 Nc5 19. h5 Be6 20. Kb1 Nb3 21. g6 fxg6 22. hxg6 hxg6 23. Bxf4 exf4 24. N5d4 Bf7 25.
Ng5 Qxg5 26. f3 Nxd4 27. Rxd4 Bc5 28. Qh2 Kf8 29. Rd7 Rad8 30. Qh8+ Bg8 31. Qxg7# 1-0

[Event "Early-Titled-Tuesday-Blitz-September-05-2023"]
[Site "Chess.com"]
[Date "2023.09.05"]
[Round "3"]
[White "aakankshachess"]
[Black "campochess"]
[Result "1-0"]
[WhiteElo "2430"]
[BlackElo "2197"]
[TimeControl "180+1"]
[EndTime "8:27:09 PDT"]
[Termination "aakankshachess won by resignation"]

1. e4 c5 2. Nf3 Nc6 3. d4 cxd4 4. Nxd4 e5 5. Nb5 a6 6. Nd6+ Bxd6 7. Qxd6 Qe7 8. Qd1 Nf6 9. Nc3 h6 10. Be2 d6 11.
Be3 Be6 12. O-O Rd8 13. Bb6 Rd7 14. f4 exf4 15. Rxf4 O-O 16. Bd3 Rc8 17. Qe1 Ne5 18.
Bd4 Bc4 19. Qe2 b5 20. a3 Qe6 21. Raf1 Bxd3 22. cxd3 Nh7 23. Nd5 f6 24. Nb6 Rcc7 25. Nxd7 Qxd7 26. Rd1 Ng5 27. Rff1 Ne6 28. Be3 Nf7 29.
d4 Rc4 30. Qg4 d5 31. Rxf6 Nc5 32. Qxd7 Nxd7 33. Rxa6 dxe4 34. Rf1 Nd6 35. Rxd6 Nb6 36. Rd8+ Kh7 37. h4 Rc6 38. h5 Nd5 39. Rxd5 1-0

[Event "Early-Titled-Tuesday-Blitz-September-05-2023"]
[Site "Chess.com"]
[Date "2023.09.05"]
[Round "3"]
[White "klimkoj"]
[Black "wonderfultime"]
[Result "0-1"]
[WhiteElo "2782"]
[BlackElo "2997"]
[TimeControl "180+1"]
[EndTime "8:27:10 PDT"]
[Termination "wonderfultime won by resignation"]

1. d4 d5 2. c4 c6 3. cxd5 cxd5 4. Nc3 Nf6 5. Bf4 Nc6 6. e3 a6 7. Nf3 Bg4 8. Be2 Bxf3 9. Bxf3 e6 10. O-O Bd6 11.
Bxd6 Qxd6 12. Qb3 O-O 13. Rac1 Na5 14. Qc2 Rac8 15. Be2 g6 16. Rfd1 b5 17. Qd2 Nc4 18.
Bxc4 Rxc4 19. b3 Rc6 20. Ne2 Rfc8 21. Rxc6 Rxc6 22. f3 Qa3 23. Rc1 Rxc1+ 24. Nxc1 Kg7 25. Nd3 Nd7 26. Qc2 Qd6 27. g4 h6 28. Qc8 Nf6 29. Qc5 Qd8 30. b4 Ne8 31. Ne5 Qh4 32. Kg2 h5 33. Qa7 Nd6 34. Qc7 hxg4 35. Qxd6 Qh3+ 36.
Kf2 Qxh2+ 37. Ke1 gxf3 0-1

[Event "Early-Titled-Tuesday-Blitz-September-05-2023"]
[Site "Chess.com"]
[Date "2023.09.05"]
[Round "3"]
[White "WhiteKnight2612"]
[Black "Yeremyan_ChessMate"]
[Result "0-1"]
[WhiteElo "2845"]
[BlackElo "2662"]
[TimeControl "180+1"]
[EndTime "8:27:10 PDT"]
[Termination "Yeremyan_ChessMate won on time"]

1. Nf3 Nf6 2. g3 g6 3. Bg2 Bg7 4. O-O O-O 5. d4 d5 6. c4 dxc4 7. Na3 a5 8. Nxc4 c6 9. a4 Be6 10.
b3 Nbd7 11. Re1 Nb6 12. Ncd2 Nbd5 13. Ba3 Nb4 14. e4 h6 15. h3 Qd7 16. Kh2 Rfd8 17. Nc4 Qc7 18. Qe2 b5 19. axb5 cxb5 20. Ncd2 Nc2 21.
Rac1 Rac8 22. d5 Bxd5 23. exd5 Nxd5 24. Ne4 b4 25. Red1 bxa3 26. Ne1 Ndb4 27. Rxd8+ Qxd8 28. Nxc2 Qd3 29. Qg4 Rxc2 30. Rd1 f5 31. Qxg6 Qxd1 32.
g4 fxe4 33. Qe8+ Bf8 34. Qg6+ Kh8 35. Bxe4 Qd6+ 0-1

[Event "Early-Titled-Tuesday-Blitz-September-05-2023"]
[Site "Chess.com"]
[Date "2023.09.05"]
[Round "3"]
[White "BigPiano"]
[Black "Amirreza_p"]
[Result "0-1"]
[WhiteElo "2421"]
[BlackElo "2613"]
[TimeControl "180+1"]
[EndTime "8:27:10 PDT"]
[Termination "Amirreza_p won on time"]

1. d4 Nf6 2. c4 e6 3. g3 d5 4. Bg2 Bb4+ 5. Nd2 O-O 6. Nf3 dxc4 7. Qc2 a5 8. O-O b5 9. a4 c6 10. Ne5 Ra6 11. b3 Qxd4 12. Nxc6 Rxc6 13. Bxc6 Nxc6 14. axb5 Qxa1 15. bxc6 cxb3 16. Nxb3 Qc3 17. Qa2 Qxc6 18. Bg5 Ne4 19. Bf4 Nc3 20. Qc2 Bb7 21. f3 Ba6 22.
Rf2 Qb6 23. Kg2 a4 24. Nc1 a3 25. Bd2 Rc8 26. Nd3 a2 27. Qb2 Bxd3 28. exd3 Nd1 29. Qxa2 Qxf2+ 0-1

[Event "Early-Titled-Tuesday-Blitz-September-05-2023"]
[Site "Chess.com"]
[Date "2023.09.05"]
[Round "3"]
[White "lamomiajunior"]
[Black "FabianoCaruana"]
[Result "1-0"]
[WhiteElo "2702"]
[BlackElo "3081"]
[TimeControl "180+1"]
[EndTime "8:27:11 PDT"]
[Termination "lamomiajunior won by resignation"]

1. d4 d5 2. Nc3 c6 3. Bf4 Nf6 4. e3 Bf5 5. f3 h5 6. Bd3 e6 7. Nge2 Nbd7 8. e4 Bg6 9. Qd2 dxe4 10. fxe4 Bb4 11. a3 Ba5 12. b4 Bc7 13. Bxc7 Qxc7 14. e5 Bxd3 15. Qxd3 Nd5 16. Ne4 O-O-O 17. Nd6+ Kb8 18.
O-O f6 19. Nf7 fxe5 20. Nxh8 Rxh8 21. c4 N5f6 22. Rae1 h4 23. h3 a6 24. Nc3 exd4 25. Qxd4 e5 26. Qe3 Qd6 27. Ne4 Qe6 28. c5 Rh5 29. Nxf6 gxf6 30. Rd1 Rg5 31. Rd6 Qe7 32. Rfd1 Nf8 33. b5 axb5 34. Qc3 Ne6 35. Qa5 Rg8 36. Rd7 Qxc5+ 37. Kh1 Nd4 38. Qc7+ 1-0

[Event "Early-Titled-Tuesday-Blitz-September-05-2023"]
[Site "Chess.com"]
[Date "2023.09.05"]
[Round "3"]
[White "Jahonas"]
[Black "lacafi"]
[Result "1-0"]
[WhiteElo "2427"]
[BlackElo "2201"]
[TimeControl "180+1"]
[EndTime "8:27:12 PDT"]
[Termination "Jahonas won by resignation"]

1. d4 f5 2. Nf3 Nf6 3. Bg5 g6 4. Nbd2 Bg7 5. c3 O-O 6. Bxf6 Bxf6 7. e4 fxe4 8. Nxe4 d5 9. Nxf6+ exf6 10. Be2 c6 11. O-O Na6 12. Bxa6 bxa6 13. Re1 Rb8 14. b4 a5 15. a3 Bd7 16. Qd2 Rf7 17.
h3 Qc7 18. Re3 Re8 19. Rae1 Rxe3 20. Qxe3 axb4 21. axb4 a5 22. bxa5 Qxa5 23. Rb1 Kg7 24. Rb8 Qa7 25. Qf4 Qa1+ 26. Kh2 Qxc3 27. Qd6 Qc2 28.
Rd8 Qf5 29. Qb8 Be6 30. Rg8+ Kh6 31. Qg3 g5 32. Re8 Bd7 33. Rd8 Kg7 34. Qd6 h5 35. Kg1 Qb1+ 36. Kh2 Qf5 37. Qb8 g4 38. Rg8+ Kh6 39.
Rh8+ Kg6 40. Nh4+ 1-0

[Event "Early-Titled-Tuesday-Blitz-September-05-2023"]
[Site "Chess.com"]
[Date "2023.09.05"]
[Round "3"]
[White "TrenerChos"]
[Black "Brave_spirit12"]
[Result "1-0"]
[WhiteElo "2625"]
[BlackElo "2828"]
[TimeControl "180+1"]
[EndTime "8:27:13 PDT"]
[Termination "TrenerChos won on time"]

1. Nf3 d5 2. b3 Nf6 3. Bb2 c5 4. g3 Nc6 5. Bg2 g6 6. O-O Bg7 7. d3 O-O 8. Nbd2 Qc7 9. e4 dxe4 10. Nxe4 Nxe4 11. Bxg7 Kxg7 12. dxe4 Bg4 13. Qd2 Bxf3 14. Bxf3 Qe5 15. c3 Rfd8 16. Qe3 Rd6 17. Bg4 Qf6 18. f4 e5 19. Be2 b6 20. Bc4 Qe7 21. f5 Rad8 22.
Bd5 f6 23. g4 g5 24. h4 h6 25. hxg5 hxg5 26. Qh3 Rh8 27. Qg2 Qd8 28. Rad1 Ne7 29. c4 Rh4 30. Rd3 Qh8 31. Rff3 Kf8 32. Rh3 Ke8 33.
Rxh4 Qxh4 34. Rh3 Qe1+ 35. Kh2 Rd8 36. Rh6 Kd7 37. Rh7 Kd6 38. a3 a5 39. Rh6 Kc7 40. Qf3 Qd2+ 41. Kg3 Qc1 42. Kg2 Qb2+ 43. Qf2 Qxb3 44. Rh7 Kd6 45. Qd2 Rd7 46. Be6+ Nd5 47. Qxd5+ 1-0

[Event "Early-Titled-Tuesday-Blitz-September-05-2023"]
[Site "Chess.com"]
[Date "2023.09.05"]
[Round "3"]
[White "AlphaPerseii"]
[Black "ChEsper99"]
[Result "0-1"]
[WhiteElo "2402"]
[BlackElo "2185"]
[TimeControl "180+1"]
[EndTime "8:27:14 PDT"]
[Termination "ChEsper99 won by resignation"]

1. d4 d5 2. c4 c6 3. Nf3 Nf6 4. Nc3 e6 5. Bg5 h6 6. Bxf6 Qxf6 7. e3 g6 8. Bd3 Bg7 9. e4 dxe4 10. Nxe4 Qd8 11. O-O O-O 12. Qd2 a5 13. Rad1 a4 14. h4 h5 15. Rfe1 a3 16. b3 Nd7 17. Neg5 Nf6 18.
Ne5 Qa5 19. Qc2 Nh7 20. Nexf7 Nxg5 21. Nxg5 Bxd4 22. Bxg6 Rxf2 23. Bf7+ Rxf7+ 24. Rxd4 Qxe1+ 25. Kh2 Qe5+ 26. g3 Qxd4 27. Qg6+ Qg7 28. Qxh5 Bd7 29.
Qd1 Raf8 30. Kh3 Rf2 31. Ne4 e5+ 32. g4 R8f3+ 0-1

[Event "Early-Titled-Tuesday-Blitz-September-05-2023"]
[Site "Chess.com"]
[Date "2023.09.05"]
[Round "3"]
[White "Bilan_Danila"]
[Black "KorolDimitriy75"]
[Result "1-0"]
[WhiteElo "2542"]
[BlackElo "2325"]
[TimeControl "180+1"]
[EndTime "8:27:14 PDT"]
[Termination "Bilan_Danila won on time"]

1. d4 Nf6 2. Nf3 g6 3. Bg5 Bg7 4. c3 c5 5. e3 Qb6 6. Qb3 d5 7.
Nbd2 O-O 8. Be2 Nc6 9. O-O Rd8 10.
Rfd1 Be6 11. Bf4 Rac8 12. h3 h6 13. Ne5 Nxe5 14. Bxe5 Nd7 15. Bxg7 Kxg7 16. Rac1 c4 17. Qa3 Nf6 18. b3 cxb3 19. axb3 Rd7 20. c4 a6 21. c5 Qc7 22. b4 Bf5 23. Bd3 Bxd3 24. Qxd3 e5 25.
b5 axb5 26. Qxb5 exd4 27. exd4 Qf4 28. Nf3 Re7 29. Re1 Ne4 30. Qb3 Rc6 31. Qxd5 Rf6 32. Qa2 1-0

[Event "Early-Titled-Tuesday-Blitz-September-05-2023"]
[Site "Chess.com"]
[Date "2023.09.05"]
[Round "3"]
[White "Taran2004"]
[Black "banane_verte"]
[Result "0-1"]
[WhiteElo "2348"]
[BlackElo "2575"]
[TimeControl "180+1"]
[EndTime "8:27:16 PDT"]
[Termination "banane_verte won by resignation"]

1. e4 e6 2. d4 d5 3. Nd2 c5 4. exd5 Qxd5 5. dxc5 Bxc5 6. Ngf3 Nf6 7. Bc4 Qc6 8. Qe2 O-O 9. O-O Bd7 10. c3 Qc7 11. a4 Nc6 12. Ne4 Be7 13. Bd3 Ne5 14.
Bf4 Nxf3+ 15. Qxf3 Qc6 16. Bb5 Qxe4 17. Qxe4 Nxe4 18. Bxd7 a6 19. a5 Nc5 20. Ba4 Nxa4 21. Rxa4 Rfd8 22. h3 Rd5 23. Rc4 Bf6 24. Rc7 Rb5 25. b4 h6 26. Rd1 b6 27. axb6 Rxb6 28.
Rdd7 a5 29. Be3 Rb5 30. bxa5 Rb1+ 31. Kh2 Be5+ 32. g3 Bxc7 33. Rxc7 Rxa5 34. c4 f6 35. Re7 e5 36. c5 Ra6 37. h4 Rb2 38. Kh3 Rc2 39. Kg4 Kh7 40. h5 Rc6 41. Kf5 R2xc5 42.
Bxc5 Rxc5 43. Kg4 Rc3 44. f4 exf4 45. Kxf4 Rc5 46. g4 Rg5 47. Ra7 Kg8 48. Rb7 Kf8 49.
Ra7 Ke8 50. Rb7 Kf8 51. Ra7 f5 52. Ra5 Rxg4+ 53. Kxf5 Rg5+ 0-1

[Event "Early-Titled-Tuesday-Blitz-September-05-2023"]
[Site "Chess.com"]
[Date "2023.09.05"]
[Round "3"]
[White "EvgenyBurmakin"]
[Black "SaiHanThiha"]
[Result "0-1"]
[WhiteElo "2288"]
[BlackElo "2467"]
[TimeControl "180+1"]
[EndTime "8:27:17 PDT"]
[Termination "SaiHanThiha won by resignation"]

1. e4 c6 2. Nc3 d5 3. Nf3 Bg4 4. d4 Nf6 5. Bd3 dxe4 6. Nxe4 Bxf3 7. Qxf3 Qxd4 8. O-O Nbd7 9. Be3 Qd5 10. Nxf6+ Nxf6 11. Qg3 e6 12. Rad1 Qa5 13. Bd4 Rd8 14. Bc3 Qb6 15. Rfe1 Nd5 16. Be5 f6 17. Bxf6 gxf6 18. Rxe6+ Kf7 19.
Qg4 Rg8 20. Qf5 Rg6 21. Rde1 Qd4 22. Qh5 Qg4 23. Bxg6+ Qxg6 24. Qf3 Bb4 25. c4 Bxe1 26. cxd5 Ba5 27. Re3 Qb1+ 0-1